 Dungeon Crawl Stone Soup version 0.14-a0-2327-g5ff15cf (webtiles) character file.

15750 Honkfish the Severer (level 11, 0/101 HPs)
             Began as a Minotaur Berserker on Jan 30, 2014.
             Was a High Priest of Trog.
             Slain by a slime creature (13 damage)
             ... on Level 13 of the Dungeon.
             The game lasted 00:29:45 (12329 turns).

Honkfish the Severer (Minotaur Berserker)          Turns: 12329, Time: 00:29:45

HP   0/101       AC 12     Str 24      XL: 11   Next: 98%
MP   4/4         EV 12     Int  4      God: Trog [*****.]
Gold 572         SH  0     Dex 18      Spells:  0 memorised, 10 levels left

rFire  + + +     SeeInvis +     E - +10,+4 battleaxe of Komus {drain, Dex+4 SInv}
rCold  + + .     Clarity  .     G - +3 salamander hide armour {+Rage rF++}
rNeg   . . .     Conserve .     (no shield)
rPois  .         rCorr    .     (helmet restricted)
rElec  .         rRot     .     k - +0 cloak
SustAb + .       Spirit   .     (no gloves)
rMut   +         Warding  .     r - +0 pair of boots
Saprov . . .     Stasis   .     q - amulet of resist mutation
MR     ++...                    x - ring "Uzuina" {SustAb rF+ rC++ Dex+3 SInv}
                                m - +4 ring of protection

@: regenerating, exhausted, slowed, very slow, very resistant to hostile
enchantments, unstealthy
A: retaliatory headbutt, horns 2
a: Burn Spellbooks, Berserk, Trog's Hand, Brothers in Arms, Renounce Religion,
Evoke Berserk Rage


You were on level 13 of the Dungeon.
You worshipped Trog.
Trog was extremely pleased with you.
You were not hungry.

You visited 1 branch of the dungeon, and saw 13 of its levels.
You also visited: Labyrinth.

You collected 712 gold pieces.
You spent 140 gold pieces at shops.

Inventory:

Hand weapons
 d - a +0,+4 dwarven anti-magic battleaxe
 E - the cursed +10,+4 battleaxe of Komus (weapon) {drain, Dex+4 SInv}
   (You took it off a minotaur in a labyrinth)

   A truly terrible weapon, it drains the life of those it strikes.
   It affects your dexterity (+4).
   It enhances your eyesight.
   It has a curse placed upon it.
 K - a +0,+3 vampiric lajatang
Armour
 k - a +0 cloak (worn)
 r - a +0 pair of boots (worn)
 G - the +3 salamander hide armour (worn) {+Rage rF++}
   (You found it in a labyrinth)

   It greatly protects you from fire.
   It lets you go berserk.
Magical devices
 a - a wand of cold (13)
 h - a wand of lightning (0)
 o - a wand of teleportation (3)
 p - a wand of teleportation (7)
 B - a wand of fireball (6)
 C - a wand of digging (13)
Comestibles
 c - a meat ration
 n - 13 sultanas
 w - 8 slices of pizza
 z - 2 pears
Scrolls
 b - 6 scrolls of teleportation
 f - 3 scrolls of magic mapping
 g - 4 scrolls of fear
 i - 2 scrolls of remove curse
 u - a scroll of enchant weapon I
Jewellery
 m - a +4 ring of protection (left hand)
 q - an amulet of resist mutation (around neck)
 x - the ring "Uzuina" (right hand) {SustAb rF+ rC++ Dex+3 SInv}
   (You took it off a minotaur in a labyrinth)

   [ring of sustain abilities]

   It affects your dexterity (+3).
   It protects you from fire.
   It greatly protects you from cold.
   It enhances your eyesight.
 J - an uncursed ring of protection from fire {unknown}
Potions
 e - 5 potions of curing
 j - a potion of speed
 l - 2 potions of might
 s - a potion of cure mutation
 v - a potion of magic


   Skills:
 + Level 10.9 Fighting
 * Level 19.3 Axes
 - Level 2.4 Armour
 - Level 2.1 Dodging


You had 10 spell levels left.
You didn't know any spells.

Dungeon Overview and Level Annotations

Branches:
Dungeon (13/16)            Temple (0/1) D:5             Orc (0/4) D:10
   Lair (0/8) D:8

Altars:
Fedhas
Yredelemnul
Zin

Shops:
D:6 !   D:8 }   D:11 *


Innate Abilities, Weirdness & Mutations

You reflexively headbutt those who attack you in melee.
You have a pair of horns on your head.


Message History

You feel resistant to hostile enchantments.
You feel slightly more hungry.
The slime creature hits you but does no damage.
A very large slime creature splits.
The slime creature hits you. The large slime creature hits you!
The slime creature hits you!
You see here a giant club.
The slime creature hits you but does no damage.
The large slime creature hits you!
* * * LOW HITPOINT WARNING * * *
A large slime creature splits.
The slime creature hits you but does no damage.
Drink which item? (? for menu, Esc to quit)
You feel much better. The slime creature hits you!
* * * LOW HITPOINT WARNING * * *
Two slime creatures merge to form a large slime creature.
A large slime creature splits.
Two slime creatures merge to form a very large slime creature.
The slime creature hits you!
You die...

## ###### #. #?...# #.
#....# #.
#..J@###############.
#..J..............##.
########....##..............
#....)).....##.#########.##.
#?....)[....##.# #.##.
#...........##.# #.##.
#...........##.# #.###
#.......####.... #..
#.......# .... ...


You could see a very large slime creature and a slime creature.

Vanquished Creatures
  A minotaur (Lab)
  3 hill giants
  4 cyclopes (D:11)
  The ghost of letownia the Cleaver, an experienced LOBe of Trog (D:7)
  A troll (D:10)
  Prince Ribbit (D:5)
  A minotaur skeleton (Lab)
  4 basilisks (Lab)
  3 slime creatures (D:13)
  2 shadows (Lab)
  A wyvern (D:10)
  A wraith (D:10)
  2 trapdoor spiders (Lab)
  4 sharks (D:10)
  3 hungry ghosts (Lab)
  A hippogriff (D:7)
  6 yaks
  A redback simulacrum (D:12)
  A hill giant skeleton (D:9)
  A yellow wasp (D:12)
  The ghost of boski the Sneak, an average VSAs (D:3)
  8 gargoyles (Lab)
  A human (D:8)
  10 orc warriors
  8 ogres
  A black bear (D:11)
  2 phantoms
  2 ice beasts
  3 centaurs
  2 sky beasts
  6 giant frogs
  A warg (D:10)
  4 killer bees (D:7)
  2 quasits
  4 wights (D:7)
  6 crimson imps
  A troll skeleton (D:11)
  3 hounds
  7 orc priests
  4 jellies
  3 iguanas
  A scorpion (D:12)
  15 orc wizards
  6 worker ants
  A goliath beetle (D:11)
  2 sheep (D:11)
  An ogre zombie (D:6)
  A worker ant zombie (D:10)
  3 gnolls (D:4)
  10 adders
  An inept feature mimic (D:7)
  3 giant mites
  4 worms
  A giant eyeball (D:8)
  3 giant geckos
  49 orcs
  21 bats
  A bat skeleton (D:7)
  6 giant cockroaches
  15 hobgoblins
  6 quokkas
  8 giant newts
  9 goblins
  A hobgoblin zombie (D:5)
  5 jackals
  A jackal skeleton (D:7)
  13 kobolds
  An orc skeleton (D:7)
  14 rats
  A rat skeleton (D:8)
  2 plants (Lab)
326 creatures vanquished.

Notes
Turn   | Place    | Note
--------------------------------------------------------------
     0 | D:1      | Honkfish, the Minotaur Berserker, began the quest for the Orb.
     0 | D:1      | Reached XP level 1. HP: 19/19 MP: 1/1
   148 | D:1      | Reached skill level 4 in Axes
   148 | D:1      | Reached XP level 2. HP: 22/27 MP: 1/1
   586 | D:1      | Acquired Trog's second power
   846 | D:2      | Reached XP level 3. HP: 31/33 MP: 2/2
   872 | D:2      | Reached skill level 5 in Axes
  1090 | D:2      | Found a blossoming altar of Fedhas.
  1686 | D:2      | Reached XP level 4. HP: 40/40 MP: 2/2
  1813 | D:3      | Paralysed by a potion of paralysis for 5 turns
  2065 | D:3      | Noticed boski's ghost (average VSAs)
  2073 | D:3      | Killed boski's ghost
  2073 | D:3      | Reached skill level 6 in Axes
  2073 | D:3      | Reached XP level 5. HP: 47/47 MP: 2/2
  2684 | D:3      | Reached skill level 5 in Fighting
  2795 | D:4      | Noticed an ogre
  2802 | D:4      | Killed an ogre
  2802 | D:4      | Reached skill level 7 in Axes
  2802 | D:4      | Reached XP level 6. HP: 56/56 MP: 3/3
  3313 | D:4      | Reached skill level 8 in Axes
  3659 | D:4      | Got an ancient steel ring
  3686 | D:4      | Acquired Trog's third power
  3876 | D:4      | Identified the cursed ring "Meweh" {Str-2 Dex+2} (You found it on level 4 of the Dungeon)
  4092 | D:5      | Entered Level 5 of the Dungeon
  4104 | D:5      | Reached XP level 7. HP: 62/62 MP: 3/3
  4165 | D:5      | Found a staircase to the Ecumenical Temple.
  4221 | D:5      | Reached skill level 9 in Axes
  4226 | D:5      | Noticed Prince Ribbit
  4234 | D:5      | Killed Prince Ribbit
  4315 | D:5      | Reached skill level 10 in Axes
  4602 | D:5      | Reached XP level 8. HP: 71/71 MP: 3/3
  4913 | D:6      | Reached skill level 11 in Axes
  5164 | D:6      | Found Onaala's Distillery.
  5440 | D:7      | Noticed letownia's ghost (experienced LOBe)
  5448 | D:7      | Killed letownia's ghost
  5448 | D:7      | Reached skill level 12 in Axes
  5448 | D:7      | Reached XP level 9. HP: 79/79 MP: 4/4
  5534 | D:7      | Reached skill level 13 in Axes
  5983 | D:7      | Received a gift from Trog
  6018 | D:7      | Reached skill level 14 in Axes
  6465 | D:8      | Paralysed by a giant eyeball for 4 turns
  6506 | D:8      | Found a blossoming altar of Fedhas.
  6522 | D:8      | Got an encrusted war axe
  6524 | D:8      | Identified the cursed -1,-1 war axe "Unganag" {speed, +Blink +Rage Str+2 Dex+3} (You found it on level 8 of the Dungeon)
  6550 | D:8      | Found Thrapn's Gadget Shop.
  6781 | D:8      | Found a staircase to the Lair.
  6901 | D:8      | Found a glowing silver altar of Zin.
  7011 | D:8      | Found a basalt altar of Yredelemnul.
  7575 | D:9      | Reached XP level 10. HP: 66/90 MP: 1/4
  7807 | D:9      | Noticed a five-headed hydra
  7808 | D:9      | Noticed an ogre mage
  8083 | D:9      | Reached skill level 15 in Axes
  8287 | D:10     | Entered Level 10 of the Dungeon
  8494 | D:10     | Noticed a hill giant
  8501 | D:10     | Killed a hill giant
  8501 | D:10     | Reached skill level 16 in Axes
  8559 | D:10     | Found a staircase to the Orcish Mines.
  9563 | D:11     | Found Shruyfu's Assorted Antiques.
  9566 | D:11     | Noticed a cyclops
  9569 | D:11     | Noticed a cyclops
  9577 | D:11     | Killed a cyclops
  9577 | D:11     | Reached skill level 17 in Axes
  9577 | D:11     | Reached XP level 11. HP: 75/99 MP: 1/4
  9582 | D:11     | Killed a cyclops
  9764 | D:11     | Bought 3 scrolls labeled NAOLLAEROI for 84 gold pieces
  9764 | D:11     | Bought a scroll labeled NAOLLAEROI for 28 gold pieces
  9764 | D:11     | Bought a scroll labeled CORROMA RUMIE for 28 gold pieces
  9791 | D:11     | Found a labyrinth entrance.
  9827 | Lab      | Entered a labyrinth
  9881 | Lab      | Reached skill level 10 in Fighting
 10290 | Lab      | Reached skill level 18 in Axes
 10825 | Lab      | Noticed a minotaur
 10832 | Lab      | Killed a minotaur
 10834 | Lab      | Got a smoking glass ring
 10835 | Lab      | Got a warped battleaxe {drain}
 10846 | Lab      | Received a gift from Trog
 10940 | D:11     | Identified the +10,+4 battleaxe of Komus {drain, Dex+4 SInv} (You took it off a minotaur in a labyrinth)
 10943 | D:11     | Identified the ring "Uzuina" {SustAb rF+ rC++ Dex+3 SInv} (You took it off a minotaur in a labyrinth)
 11227 | D:11     | Noticed a hill giant
 11233 | D:11     | Killed a hill giant
 11234 | D:11     | Noticed a cyclops
 11241 | D:11     | Killed a cyclops
 11287 | D:11     | Noticed a skeletal warrior
 11288 | D:11     | Noticed a skeletal warrior
 11290 | D:11     | Noticed a skeletal warrior
 12041 | D:12     | Reached skill level 19 in Axes
 12296 | D:13     | Noticed a hill giant
 12302 | D:13     | Killed a hill giant
 12324 | D:13     | HP: 2/101 [large slime creature (31)]
 12329 | D:13     | Slain by a slime creature

Action                   |  1- 3 |  4- 6 |  7- 9 | 10-12 || total
-------------------------+-------+-------+-------+-------++-------
Melee: Hand axe          |   105 |   101 |       |       ||   206
       War axe           |       |     6 |   195 |       ||   201
       Battleaxe         |       |       |    79 |   316 ||   395
Invok: Berserk           |       |     4 |     9 |     9 ||    22
       Trog's Hand       |       |     3 |     4 |     5 ||    12
       Burn Spellbooks   |       |       |     1 |     1 ||     2
Evoke: Wand              |       |       |    12 |     5 ||    17
  Use: Scroll            |     3 |     5 |    10 |    14 ||    32
       Potion            |     2 |     9 |     1 |     3 ||    15
